 Dungeon Crawl Stone Soup version 0.27-a0-67-g4bfc8a49e1 (webtiles) character file.

Game seed: 6911545220160573843

174 Borgoz the Cudgeller (level 5, -3/32 HPs)
             Began as a Gargoyle Gladiator on Jan 9, 2021.
             Slain by an ogre
             ... wielding a +0 giant club
              (16 damage)
             ... on level 4 of the Dungeon.
             The game lasted 00:04:21 (2946 turns).

Borgoz the Cudgeller (Gargoyle Gladiator)           Turns: 2946, Time: 00:04:22

Health: -3/32      AC: 17    Str: 18    XL:     5   Next: 54%
Magic:  5/5        EV: 12    Int:  8    God:
Gold:   224        SH:  0    Dex: 12    Spells: 4/4 levels left

rFire    . . .     SeeInvis .   a - +0 flail
rCold    . . .     Faith    .   (no shield)
rNeg     + . .     Spirit   .   t - +0 ring mail
rPois    ∞         Reflect  .   c - +1 helmet
rElec    +         Harm     .   v - +1 cloak
rCorr    .         Rampage  .   (no gloves)
Will     .....                  (no boots)
Stlth    +.........             o - amulet of regeneration
HPRegen  0.50/turn              m - +4 ring of protection
MPRegen  0.09/turn              (no ring)

@: no status effects
A: negative energy resistance 1, electricity resistance, unbreathing,
petrification resistance, miasma immunity, AC +4
a: no special abilities


You were on level 4 of the Dungeon.
You visited 1 branch of the dungeon, and saw 4 of its levels.

You collected 224 gold pieces.

Inventory:

Hand Weapons
 a - a +0 flail (weapon)
Missiles
 d - 2 throwing nets (quivered)
Armour
 c - a +1 helmet (worn)
 t - a +0 ring mail (worn)
 v - a +1 cloak (worn)
Jewellery
 m - a +4 ring of protection (left hand)
 o - an amulet of regeneration (around neck)
Scrolls
 f - 2 scrolls of enchant armour
 l - a scroll of teleportation {unknown}
 n - 2 scrolls of fog {unknown}
 p - a scroll of enchant weapon {unknown}
 q - 2 scrolls of amnesia {unknown}
 r - 3 scrolls of blinking {unknown}
 s - a scroll of magic mapping
 u - 2 scrolls of random uselessness {unknown}
Potions
 b - a potion of ambrosia
 e - 2 potions of brilliance
 g - 2 potions of heal wounds
 h - a potion of curing {unknown}
 i - a potion of magic {unknown}
 j - a potion of might
 k - a potion of flight
 w - a potion of haste
 x - a potion of degeneration {unknown}


   Skills:
 + Level 3.3 Fighting
 * Level 4.4 Maces & Flails
 - Level 1.7 Throwing
 + Level 2.2 Armour
 + Level 3.1 Dodging


You had 4 spell levels left.
You didn't know any spells.
Your spell library was empty.

Dungeon Overview and Level Annotations

Branches:
Dungeon (4/15)
 Temple: D:4-7

Altars:
Dithmenos
Fedhas
Kikubaaqudgha
Nemelex Xobeh
Qazlal
Xom
Yredelemnul


Innate Abilities, Weirdness & Mutations

You are resistant to torment.
Your stone body is resilient. (AC +4)
You are immune to poison.
You resist negative energy. (rN+)
You are resistant to electric shocks. (rElec)
You can survive without breathing.
You are immune to petrification.
You are immune to miasma.


Message History

The ogre hits you with a +0 giant club!
You barely miss the ogre.
The ogre is heavily wounded.
The ogre hits you with a +0 giant club!
You are too injured to fight recklessly!
You are too injured to fight recklessly!
You are too injured to fight recklessly!
Throw: 3 throwing nets
Press: ? - help, Q - select action Shift-Dir - straight line, f - ogre
Aim: an ogre, wielding a +0 giant club (heavily wounded)
You throw a throwing net.
The throwing net barely misses the ogre.
You barely miss the ogre.
The ogre is heavily wounded.
The ogre hits you but does no damage.
You hit the ogre.
The ogre is heavily wounded.
The ogre hits you with a +0 giant club!
Ouch! That really hurt!
You die...

#.####### #. ####.###
### ###.
#####<....)#.... ###...#
#.......##(..# ...(...
#.......##...#
.......##...............
...>...#........####.###
?.....O#........# ..
.......@..#...### #..
####.....##.### #.#
#.........# .#
#..#####...# #.. ..#....
#.. ######## #. (.


You could see an ogre.

Vanquished Creatures
  Robin (D:3)
  5 adders
  A shadow imp (D:3)
  An ooze (D:3)
  A worm (D:2)
  4 dart slugs
  3 leopard geckos
  7 orcs
  13 goblins
  10 hobgoblins
  12 jackals
  A quokka (D:3)
  A ball python (D:2)
  A ball python skeleton (D:4)
  6 bats
  3 frilled lizards
  6 kobolds
  9 rats
85 creatures vanquished.

Notes
Turn   | Place    | Note
-------+----------+-------------------------------------------
     0 | D:1      | Borgoz the Gargoyle Gladiator began the quest for the Orb.
     0 | D:1      | Reached XP level 1. HP: 12/12 MP: 1/1
   353 | D:1      | Reached XP level 2. HP: 17/18 MP: 2/2
   757 | D:1      | Reached skill level 1 in Armour
   774 | D:1      | Reached XP level 3. HP: 17/22 MP: 3/3
   919 | D:1      | Found a shimmering altar of Xom.
   921 | D:1      | Found a stormy altar of Qazlal.
   921 | D:1      | Found an ancient bone altar of Kikubaaqudgha.
   923 | D:1      | Found a shimmering altar of Xom.
   923 | D:1      | Found an ancient bone altar of Kikubaaqudgha.
   923 | D:1      | Found a stormy altar of Qazlal.
  1393 | D:2      | Found a sparkling altar of Nemelex Xobeh.
  1480 | D:2      | Found a basalt altar of Yredelemnul.
  1660 | D:2      | Found a shadowy altar of Dithmenos.
  1992 | D:3      | Reached XP level 4. HP: 27/27 MP: 4/4
  2054 | D:3      | Noticed Robin
  2111 | D:3      | Killed Robin
  2112 | D:3      | Reached skill level 4 in Maces & Flails
  2292 | D:3      | Reached XP level 5. HP: 32/32 MP: 5/5
  2435 | D:3      | Found a blossoming altar of Fedhas.
  2937 | D:4      | Noticed an ogre
  2946 | D:4      | Slain by an ogre

Illustrated notes

Levels and vault maps discovered:
D:1:      dpeg_arrival_short_road, layout_loops_cross, doesnt_xom_only_xom
D:2:      layout_loops_cross, old_standard_altar,
          grunt_dithmenos_smoke_and_mirrors, lemuel_round_altar, minivault_27,
          chequers_serial_rivers_marsh
D:3:      layout_loops_cross, overflow_temple_1_default, uniq_robin
D:4:      layout_rooms, nzn_overflow_gifts_of_might_and_magic, serial_shops,
          nicolae_shop_stone, lemuel_another_geyser

Skill      XL: |  1  2  3  4  5 |
---------------+----------------+-----
Armour         | 1 2 |  2.2
Fighting       | 3 |  3.3
Maces & Flails | 4 |  4.4
Dodging        | 3 |  3.1
Throwing       | |  1.7

Action                   |  1- 3 |  4- 6 || total
-------------------------+-------+-------++-------
Melee: Flail             |   166 |   191 ||   357
Throw: Throwing net      |       |     1 ||     1
  Use: Scroll            |     4 |     6 ||    10
Armor: Leather armour    |    60 |     6 ||    66
       Ring mail         |       |   156 ||   156
Dodge: Dodged            |   161 |   180 ||   341

Table legend: (Time is in decaauts)
 A = Elapsed time spent in this place.
 B = Non-inter-level travel time spent in this place.
 C = Inter-level travel time spent in this place.
 D = Time resting spent in this place.
 E = Time spent auto-exploring this place.
 F = Levels seen in this place.
 G = Mean time per level.
                   A        B        C        D        E       F      G
               +--------+--------+--------+--------+--------+-----+--------+
         Total |   3018 |   2871 |    147 |    345 |   1837 |   4 |  754.5 |
       Dungeon |   3018 |   2871 |    147 |    345 |   1837 |   4 |  754.5 |
               +--------+--------+--------+--------+--------+-----+--------+

Top non-repeatable levels by time:
     D:1: 1167 daAuts
     D:2: 840 daAuts
     D:3: 818 daAuts
     D:4: 192 daAuts
